AoeStats
← DKing

Arena

510385634Analyzed
4v4 RM · 13h ago on Sep 30, 2026· 39m 20s· 8 players
Game mode
Random Map
Map size
Large (8 player)
Population
200
Speed
Normal
Resources
Standard
Victory
Conquest
Starting age
Dark Age
Ending age
Imperial Age
RankedLock teamsTeams togetherTeam positionsShared explorationLock speedFull tech treeHidden civsTurbo modeCheats
Victory
Defeat
🇩🇪 Japanese · Germany
1331
+12
🇩🇪 Cumans · Germany
1299
+13
1275
+14
🇺🇸 Franks · United States
1226
+17
🇵🇹 Hindustanis · Portugal
1257
-14
🇫🇷 Cumans · France
1251
-15
🇨🇦 Mongols · Canada
1250
-14
🇫🇷 Bohemians · France
1208
-13
Sahraoui
8:31 Feudal Age
9:57 Double-Bit Axe
10:04 Horse Collar
16:19 Wheelbarrow
16:39 Loom
21:41 Castle Age
19:22 Man-at-Arms
21:00 Scale Mail Armor
22:29 Forging
26:03 Iron Casting
25:43 Chain Mail Armor
25:26 Pikeman
26:06 Squires
26:12 Capped Ram
26:21 Long Swordsman
DKing
10:00 Feudal Age
14:04 Castle Age
12:38 Double-Bit Axe
13:48 Horse Collar
22:01 Wheelbarrow
22:13 Loom
22:49 Bow Saw
23:41 Heavy Plow
24:34 Hand Cart
29:52 Imperial Age
27:11 Town Watch
28:24 Scale Barding Armor
28:31 Forging
28:27 Light Cavalry
29:27 Bloodlines
29:17 Husbandry
30:17 Chain Barding Armor
29:50 Pikeman
31:24 Iron Casting
32:25 Two-Man Saw
31:26 Scale Mail Armor
33:08 Plate Barding Armor
33:49 Chemistry
32:58 Elite Skirmisher
34:14 Padded Archer Armor
36:14 Gold Mining
39:35 Conscription
TheAurelSan
11:06 Feudal Age
11:52 Loom
17:15 Castle Age
17:03 Wheelbarrow
16:16 Double-Bit Axe
18:25 Bow Saw
25:32 Chemistry
29:51 Imperial Age
27:29 Pikeman
28:12 Scale Mail Armor
31:01 Conscription
31:24 Forging
30:54 Halberdier
35:25 Padded Archer Armor
HellSong
9:53 Feudal Age
14:33 Castle Age
12:56 Horse Collar
16:34 Bloodlines
18:43 Scale Barding Armor
20:32 Town Watch
21:22 Double-Bit Axe
22:12 Loom
23:31 Forging
23:53 Husbandry
IchBinNedDerDracheVerdammteAggsd
11:07 Feudal Age
10:20 Loom
15:11 Castle Age
14:22 Horse Collar
15:07 Loom
15:09 Double-Bit Axe
16:30 Heavy Plow
21:20 Wheelbarrow
22:47 Bow Saw
23:42 Hand Cart
24:02 Stone Mining
26:05 Gold Mining
26:51 Stone Shaft Mining
27:21 Gold Shaft Mining
28:38 Forging
28:29 Scale Mail Armor
31:16 Imperial Age
28:32 Town Watch
30:27 Iron Casting
30:15 Chain Mail Armor
31:52 Elite Kamayuk
32:33 Fabric Shields
32:54 Conscription
33:59 Plate Mail Armor
34:29 Blast Furnace
37:32 Elite Skirmisher
38:19 Squires
38:05 Arson
38:25 Padded Archer Armor
40:04 Leather Archer Armor
Agent
12:21 Feudal Age
16:34 Castle Age
14:47 Horse Collar
14:57 Double-Bit Axe
20:14 Wheelbarrow
21:54 Bow Saw
24:29 Squires
24:15 Arson
25:55 Scale Mail Armor
28:59 Chain Mail Armor
28:55 Forging
32:10 Iron Casting
32:58 Hand Cart
32:29 Loom
Ace
9:03 Feudal Age
10:18 Wheelbarrow
9:35 Double-Bit Axe
9:31 Horse Collar
19:53 Castle Age
17:46 Loom
19:46 Scale Barding Armor
19:52 Forging
20:27 Bloodlines
21:24 Chain Barding Armor
21:55 Bow Saw
21:48 Heavy Plow
31:29 Iron Casting
31:10 Hand Cart
34:18 Imperial Age
35:38 Elite Steppe Lancer
OXYEHHO
10:42 Feudal Age
15:04 Castle Age
13:22 Double-Bit Axe
14:09 Loom
16:07 Bow Saw
23:04 Wheelbarrow
22:16 Town Watch
29:22 Imperial Age
27:57 Ballistics
27:29 Fletching
27:40 Padded Archer Armor
28:09 Treadmill Crane
28:27 Bodkin Arrow
29:28 Leather Archer Armor
29:03 Pikeman
31:13 Chemistry
30:12 Halberdier
31:44 Conscription
30:55 Elite Skirmisher
32:12 Squires
32:36 Scale Mail Armor
32:57 Fortified Wall
33:51 Masonry
33:17 Ordonnance Companies
34:36 Forging
34:41 Chivalry
34:33 Cranequins
38:05 Chain Mail Armor
38:26 Iron Casting
39:09 Hand Cart
Connection lost

Rejoining the realm…

Still unreachable

The connection could not be restored.

Session expired

The server has moved on; the page needs a fresh start.